 Dungeon Crawl Stone Soup version 0.28.0-45-g0d030f2227 (webtiles) character file.

Game seed: 2522225709399578231

541 raph the Cleaver (level 7, -1/57 HPs)
             Began as a Hill Orc Fighter on May 4, 2022.
             Was an Initiate of Beogh.
             Slain by Edmund
             ... wielding a +0 dire flail of protection
              (6 damage)
             ... on level 4 of the Dungeon.
             The game lasted 00:04:52 (3825 turns).

raph the Cleaver (Hill Orc Fighter)                 Turns: 3825, Time: 00:04:52

Health: -1/57      AC:  8    Str: 19    XL:     7   Next: 26%
Magic:  7/7        EV:  9    Int:  8    God:    Beogh [......]
Gold:   137        SH:  4    Dex: 12    Spells: 6/6 levels left

rFire   . . .      SeeInvis .   a - +0 war axe
rCold   . . .      Faith    .   c - +0 buckler
rNeg    . . .      Spirit   .   e - +0 scale mail
rPois   .          Reflect  .   n - +0 helmet
rElec   .          Harm     .   (no cloak)
rCorr   .          Rampage  .   (no gloves)
Will    .....                   (no boots)
Stlth   ..........              (no amulet)
HPRegen 0.19/turn               (no ring)
MPRegen 0.10/turn               (no ring)

@: mighty
A: no striking features
a: Renounce Religion


You were on level 4 of the Dungeon.
You worshipped Beogh.
Beogh was noncommittal.
You visited 1 branch of the dungeon, and saw 5 of its levels.

You collected 137 gold pieces.

Inventory:

Hand Weapons
 a - a +0 war axe (weapon)
 b - a +0 hunting sling
Missiles
 g - 23 stones
 k - 6 poisoned darts (quivered)
 l - 3 throwing nets
Armour
 c - a +0 buckler (worn)
 e - a +0 scale mail (worn)
 n - a +0 helmet (worn)
Wands
 o - a wand of acid (6)
Potions
 d - a potion of might
 h - a potion of magic
 p - a potion of resistance {unknown}


   Skills:
 - Level 3.6 Fighting
 + Level 10.2 Axes
 - Level 3.2 Armour
 - Level 3.2 Shields


You had 6 spell levels left.
You didn't know any spells.
Your spell library contained the following spells:

 Spells                   Type           Power      Damage    Failure   Level
 Magic Dart               Conj           0%         1d3       86%         1
 Searing Ray              Conj           0%         2d4       95%         2
 Gell's Gravitas          Tloc           0%         N/A       99%         3
 Lesser Beckoning         Tloc           0%         N/A       99%         3
 Teleport Other           Tloc           0%         N/A       99%         3
 Fulminant Prism          Conj/Hex       0%         3d6       100%        4


Dungeon Overview and Level Annotations

Branches:
Dungeon (5/15)
 Temple: D:4-7

Altars:

Shops:
D:2 *

Annotations:
D:4 Edmund


Message History

Edmund is severely wounded.
Edmund hits you with a +0 dire flail of protection!
You barely miss Edmund.
Edmund is severely wounded.
Edmund hits you with a +0 dire flail of protection!
You are too injured to fight recklessly!
You are too injured to fight recklessly!
You are too injured to fight recklessly!
You are too injured to fight recklessly!
You are too injured to fight recklessly!
You are too injured to fight recklessly!
You barely miss Edmund.
Edmund is severely wounded.
Edmund hits you with a +0 dire flail of protection!
* * * LOW HITPOINT WARNING * * *
You barely miss Edmund.
Edmund is severely wounded.
Edmund barely misses you.
You slash Edmund!
Edmund is severely wounded.
You block Edmund's attack.
You closely miss Edmund.
Edmund is severely wounded.
Edmund hits you with a +0 dire flail of protection.
* * * LOW HITPOINT WARNING * * *
You closely miss Edmund.
Edmund is severely wounded.
Edmund says, "You wouldn't believe how much I paid for this flail."
Edmund barely misses you.
You completely miss Edmund.
Edmund is severely wounded.
Edmund hits you with a +0 dire flail of protection.
* * * LOW HITPOINT WARNING * * *
Edmund hits you with a +0 dire flail of protection!
* * * LOW HITPOINT WARNING * * *
Edmund clears his throat.
Okay, then.
You feel very mighty all of a sudden.
Edmund hits you with a +0 dire flail of protection.
You die...

######.#..#............##
..........##########+#.#
####.#......# ### #.#.#
#.#.#..#####.####.#.#
#.#.#.........<##.#.##
#.........#...........
##.....###...#....#.##
#..............).#.#
#...@####.......)#.##
#...@# #.#.#........
#########..####.#.#......##
#..........................
#.#######..........(..#####
#.# #...#.#.#.##### # #.#
#...#.#.#.+ #.#
#...#.#...##### #.#
#.#.#.#.......# #


You could see Edmund.

Vanquished Creatures
  Sigmund (D:3)
  Blork the orc (D:4)
  A jelly (D:4)
  A centaur skeleton (D:3)
  2 orc wizards (D:3)
  A hound skeleton (D:4)
  4 gnolls (D:2)
  7 adders
  An ufetubus (D:4)
  2 worms
  3 dart slugs
  7 orcs
  A bat (D:1)
  2 endoplasms
  A giant cockroach (D:4)
  5 goblins
  4 hobgoblins
  12 jackals
  3 quokkas (D:2)
  5 ball pythons
  3 frilled lizards
  7 kobolds
  4 rats
78 creatures vanquished.

Vanquished Creatures (others)
  An endoplasm (D:3)
  2 jackals (D:3)
  A plant (D:1)
4 creatures vanquished.

Grand Total: 82 creatures vanquished

Notes
Turn   | Place    | Note
-------+----------+-------------------------------------------
     0 | D:1      | raph the Hill Orc Fighter began the quest for the Orb.
     0 | D:1      | Reached XP level 1. HP: 19/19 MP: 1/1
   150 | D:1      | Reached skill level 3 in Axes
   316 | D:1      | Reached XP level 2. HP: 26/26 MP: 2/2
   710 | D:1      | Found a faded altar of an unknown god.
   719 | D:1      | Reached skill level 4 in Axes
  1117 | D:2      | Reached XP level 3. HP: 27/31 MP: 3/3
  1246 | D:2      | Reached skill level 5 in Axes
  1309 | D:2      | Found Sumal's General Store.
  1622 | D:2      | Reached XP level 4. HP: 15/39 MP: 4/4
  1626 | D:2      | Reached skill level 6 in Axes
  2238 | D:3      | Reached XP level 5. HP: 45/45 MP: 5/5
  2242 | D:3      | Reached skill level 7 in Axes
  2275 | D:3      | Became a worshipper of Beogh the Brigand
  2573 | D:3      | Reached skill level 8 in Axes
  2573 | D:3      | Reached XP level 6. HP: 18/51 MP: 6/6
  2930 | D:3      | Noticed Sigmund
  2938 | D:3      | Killed Sigmund
  2939 | D:3      | Reached skill level 9 in Axes
  3240 | D:4      | You fall into a shaft and drop 1 floor!
  3240 | D:5      | Entered Level 5 of the Dungeon
  3240 | D:5      | Noticed a black bear
  3256 | D:4      | Reached XP level 7. HP: 57/57 MP: 7/7
  3333 | D:4      | Noticed Blork the orc
  3345 | D:4      | Killed Blork the orc
  3613 | D:4      | Reached skill level 10 in Axes
  3791 | D:4      | Noticed Edmund
  3825 | D:4      | Slain by Edmund

Illustrated notes

Levels and vault maps discovered:
D:1:      heliophobic_arrival_ceremonial_halls, layout_basic,
          dilly_ecumenical_altar_fadedgnrine
D:2:      layout_loops_ring, serial_shops, shop_statue
D:3:      layout_rooms, palyth_stone_intersect, uniq_sigmund
D:4:      layout_basic, nicolae_overflow_crystal_walls,
          mainiacjoe_overflow_surrounded_room, uniq_robin, uniq_blork_the_orc,
          uniq_edmund
D:5:      layout_rooms, jmf_multi_god_temple2, minmay_temple_entry_trees

Skill      XL: |  1  2  3  4  5  6  7 |
---------------+----------------------+-----
Axes           | 3 4 5 6 8 9 10 | 10.2
Fighting       | |  3.6
Armour         | |  3.2
Shields        | |  3.2

Action                   |  1- 3 |  4- 6 |  7- 9 || total
-------------------------+-------+-------+-------++-------
Melee: War axe           |    83 |   150 |    39 ||   272
 Fire: Hunting sling     |       |       |     4 ||     4
Throw: Dart              |     2 |       |       ||     2
Invok: Convert to Beogh  |       |     1 |       ||     1
  Use: Potion            |       |     1 |     1 ||     2
       Scroll            |       |       |     4 ||     4
Armor: Scale mail        |    38 |    79 |    11 ||   128
Dodge: Dodged            |    30 |    76 |    12 ||   118
Block: Buckler           |    12 |    36 |    10 ||    58
